 Dungeon Crawl Stone Soup version 0.31-a0-1589-g8f5e8aebd6 (webtiles) character file.

Game seed: 2790478156623116294

3386 Atlas the Grappler (level 9, -6/80 HPs)
             Began as a Troll Shapeshifter on Jan 6, 2024.
             Was an Initiate of Gozag.
             Mangled by a spriggan
             ... wielding a +0 trident
              (18 damage)
             ... in a bailey.
             The game lasted 00:06:16 (3903 turns).

Atlas the Grappler (Troll Shapeshifter)             Turns: 3903, Time: 00:06:16

Health: -6/80      AC:  4    Str: 28    XL:     9   Next: 74%
Magic:  8/8        EV: 10    Int:  6    God:    Gozag
Gold:   1515       SH:  0    Dex:  9    Spells: 8/8 levels left

rFire   . .          .
                       - Unarmed
rCold   . . .        (no shield)
rNeg    . . .        a - +0 animal skin
rPois   .            (helmet currently unavailable)
rElec   .            (cloak currently unavailable)
rCorr   .            (gloves unavailable)
SInv    .            (boots unavailable)
Will    +....        (no amulet)
Stlth   +            f - ring of willpower
HPRegen 1.13/turn    (no ring)
MPRegen 0.11/turn

%: no passive effects
@: beast-form
A: beast (slay +4), large, unfitting armour, claws 3, regeneration 1, shaggy fur
1, tough skin 1
a: Begin Untransformation, Renounce Religion, Potion Petition, Call Merchant,
Bribe Branch


You were in a bailey.
You worshipped Gozag.
Gozag was most pleased with you.
You were a hulking beast.
You visited 2 branches of the dungeon, and saw 8 of its levels.
You also visited: Bailey.

You collected 1616 gold pieces.
You spent 39 gold pieces at shops.
You paid 62 gold pieces to Gozag.

Inventory:

Missiles
 y - 4 poisoned darts
Armour
 a - a +0 animal skin (worn)
Jewellery
 f - a ring of willpower (left claw)
Talismans
 c - a beast talisman
 d - a flux talisman
Wands
 r - a wand of mindburst (8)
 s - a wand of polymorph (9)
Scrolls
 g - a scroll of immolation
 i - a scroll of blinking
 l - 4 scrolls of amnesia
 m - a scroll of identify
 p - 2 scrolls of fog
 v - 2 scrolls of teleportation {unknown}
 w - a scroll of noise {unknown}
Potions
 b - a potion of lignification
 e - 4 potions of heal wounds {unknown}
 h - 2 potions of haste {unknown}
 j - 6 potions of curing
 k - 3 potions of attraction {unknown}
 o - a potion of ambrosia {unknown}
 q - 4 potions of might {unknown}
 u - 2 potions of mutation {unknown}
 x - a potion of cancellation {unknown}


   Skills:
 + Level 2.6 Fighting
 + Level 4.3 Dodging
 + Level 1.4 Stealth
 + Level 10.2 Unarmed Combat
 * Level 7.4 Shapeshifting


You had 8 spell levels left.
You didn't know any spells.
Your spell library contained the following spells:

 Spells                   Type           Power      Damage    Failure   Level
 Ensorcelled Hibernation  Hex/Ice        0%         N/A       58%         2
 Sublimation of Blood     Necr           0%         N/A       58%         2
 Passwall                 Erth           0%         N/A       83%         3
 Swiftness                Air            0%         N/A       83%         3
 Petrify                  Alch/Erth      0%         N/A       99%         4
 Irradiate                Conj/Alch      0%         3d11      100%        5


Dungeon Overview and Level Annotations

Branches:
Dungeon (7/15)             Temple (1/1) D:5          Bailey (1/1)

Altars:
Ashenzari
Cheibriados
Dithmenos
Gozag
Hepliaklqana
Kikubaaqudgha
Makhleb
Nemelex Xobeh
Qazlal
Sif Muna
Trog
Uskayaw
Vehumet
Wu Jian
Yredelemnul
Zin
The Shining One

Shops:
D:6 ::!:

Annotations:
D:6 3 runed translucent doors, monsoonserge's ghost, novice DEFE


Innate Abilities, Weirdness & Mutations

You are a hulking beast.
Your limbs bulge with bestial killing power. (Slay +4)
You are too large for most types of armour.
You have claws for hands.
Your natural rate of healing is unusually fast.
You are covered in fur. (AC +1)
You have tough skin. (AC +1)


Message History

You enter the shallow water.
You now have 1496 gold pieces (gained 16).
You see here a +0 glaive.
You now have 1515 gold pieces (gained 19).
You see here a +0 glaive.
You enter the shallow water.
A spriggan comes into view. It is wielding a +0 spear.
A spriggan is nearby!
The spriggan shouts!
A spriggan comes into view. It is wielding a +0 trident.
A two-headed ogre comes into view.
It is wielding a +0 halberd and a +0 glaive.
The two-headed ogre shouts in stereo!
The spriggan shouts!
The spriggan hits you from afar with a +0 spear!
The spriggan hits you from afar with a +0 spear!
The spriggan hits you with a +0 trident!
You scratch the spriggan.
The spriggan is lightly wounded.
The spriggan hits you from afar with a +0 spear.
The spriggan closely misses you.
The two-headed ogre hits you from afar with a +0 halberd!!
* * * LOW HITPOINT WARNING * * *
The two-headed ogre hits you from afar with a +0 glaive!
* * * LOW HITPOINT WARNING * * *
Blink to where?
Press: ? - help, Dir - move target
As you read the scroll of blinking, it crumbles to dust.
You see here a +0 halberd.
The spriggan attacks as it pursues you!
The spriggan hits you from afar with a +0 trident!
* * * LOW HITPOINT WARNING * * *
Aiming: Polymorph
Press: ? - help, Shift-Dir - straight line, f - spriggan
Aim: a spriggan, wielding a +0 trident (lightly wounded, will become a shapeshifter, a salamander, or a meliai, chance to affect: 17%)
The spriggan resists with almost no effort.
The spriggan hits you from afar with a +0 trident.
* * * LOW HITPOINT WARNING * * *
You feel better.
The spriggan hits you from afar with a +0 trident!!
You die...
Your body crumbles into a pile of gold.

#########
##i......##
##.......i.##
###
##..♣♣###♣#..##
##.## #§.##
#♣..## ##...##
#..## ♣#.i##
#.....# #.iO#
♣♣i.###.....##
#...#
#))~~~..∩...#
#..~#
#h.~~~.))...#
#..~~
#..~~~......#
#..~#
#..~~~......#
#...#
#..~~~..∩...#
#..###.....##
#..## #.....#
#..## ##...##
..# ##.## ###


You could see 2 spriggans.

Vanquished Creatures
  6 yaks (D:7)
  A sky beast (D:7)
  An ice beast (D:4)
  An orc warrior (D:7)
  6 ogres
  3 black bears
  3 centaurs
  A phantom (D:4)
  2 bullfrogs
  4 scorpions
  A howler monkey (D:6)
  An electric eel (D:7)
  2 bombardier beetles
  4 hounds
  A jelly (D:6)
  3 orc priests
  Ijyb (D:3)
  7 orc wizards
  An adder (D:3)
  5 gnolls
  2 shadow imps
  2 white imps
  2 ufetubi (D:6)
  A dart slug (D:2)
  30 orcs
  6 endoplasms
  5 giant cockroaches
  13 goblins
  6 hobgoblins
  5 ball pythons
  7 bats
  3 frilled lizards (D:2)
  6 kobolds
  5 rats
147 creatures vanquished.

Notes
Turn   | Place    | Note
-------+----------+-------------------------------------------
     0 | D:1      | Atlas the Troll Shapeshifter began the quest for the Orb.
     0 | D:1      | Reached XP level 1. HP: 18/18 MP: 0/0
   127 | D:1      | Reached XP level 2. HP: 24/26 MP: 1/1
   779 | D:2      | Reached XP level 3. HP: 32/32 MP: 2/2
  1024 | D:3      | Noticed Ijyb
  1038 | D:3      | Killed Ijyb
  1047 | D:3      | Reached XP level 4. HP: 40/40 MP: 3/3
  1200 | D:3      | You fall into a shaft and drop 2 floors!
  1200 | D:5      | Entered Level 5 of the Dungeon
  1201 | D:5      | Noticed a black bear
  1203 | D:5      | Noticed a centaur
  1206 | D:5      | Killed a black bear
  1207 | D:5      | Reached skill level 4 in Unarmed Combat
  1207 | D:5      | Reached XP level 5. HP: 36/46 MP: 4/4
  1210 | D:5      | Noticed an ogre
  1213 | D:5      | Killed a centaur
  1214 | D:5      | Reached XP level 6. HP: 29/54 MP: 5/5
  1304 | D:4      | Reached skill level 1 in Stealth
  1304 | D:4      | Reached skill level 5 in Unarmed Combat
  1304 | D:4      | Reached skill level 5 in Shapeshifting
  1567 | D:3      | Found an ornate altar of the Wu Jian Council.
  1620 | D:4      | Noticed an ice beast
  1630 | D:4      | Killed an ice beast
  1631 | D:4      | Reached skill level 1 in Fighting
  1631 | D:4      | Reached XP level 7. HP: 43/62 MP: 6/6
  1684 | D:4      | Found a glowing golden altar of the Shining One.
  1686 | D:4      | Noticed an angel
  1792 | D:4      | Reached skill level 6 in Unarmed Combat
  2010 | D:4      | Found a stormy altar of Qazlal.
  2070 | D:4      | Found a basalt altar of Yredelemnul.
  2072 | D:4      | Noticed a profane servitor
  2334 | D:5      | Reached XP level 8. HP: 38/70 MP: 7/7
  2405 | D:5      | Found a staircase to the Ecumenical Temple.
  2558 | Temple   | Entered the Ecumenical Temple
  2584 | Temple   | Became a worshipper of Gozag Ym Sagoz the Greedy
  2667 | D:5      | Reached skill level 7 in Unarmed Combat
  3166 | D:6      | Reached skill level 8 in Unarmed Combat
  3196 | D:6      | Found a runed translucent gate.
  3197 | D:6      | Found a runed translucent gate.
  3197 | D:6      | Found a runed translucent gate.
  3197 | D:6      | Found an opulent altar of Gozag.
  3197 | D:6      | Noticed a boulder beetle
  3204 | D:6      | Noticed monsoonserge's ghost (novice DEFE)
  3215 | D:6      | Noticed a troll
  3233 | D:6      | Found Ungoyl's Book Emporium.
  3290 | D:6      | Found Jyt Mubb's Book Boutique.
  3343 | D:6      | Found Reeda's Book Boutique.
  3351 | D:6      | Found Plog's Distillery.
  3355 | D:6      | Bought a potion of curing for 39 gold pieces
  3528 | D:7      | Reached XP level 9. HP: 51/79 MP: 8/8
  3538 | D:7      | Reached skill level 9 in Unarmed Combat
  3609 | D:7      | Identified a scroll of acquirement
  3609 | D:7      | Acquired 889 gold pieces
  3760 | D:7      | Found a flagged portal.
  3786 | Bailey   | Entered a bailey
  3805 | Bailey   | Reached skill level 10 in Unarmed Combat
  3890 | Bailey   | Noticed a two-headed ogre
  3903 | Bailey   | Mangled by a spriggan

Illustrated notes

Levels and vault maps discovered:
D:1:      minmay_arrival_split_and_join, layout_rooms, hangedman_feature_mirror,
          nicolae_concentric_dashed_squares_mild
D:2:      layout_rooms
D:3:      layout_basic, lemuel_doored_altar, hangedman_abyss_or_decor_stabs,
          minivault_14, uniq_ijyb
D:4:      layout_rooms, grunt_temple_overflow_holy_war, kennysheep_little_box,
          serial_curves, eino_curves_03, eino_curves_03, eino_curves_01,
          eino_curves_03
D:5:      layout_cave_pools, minmay_temple_entry_waves
D:6:      layout_rooms, ebering_ghost_gozag, serial_shops, shop,
          nicolae_shop_tiny_statue_garden, shop, nicolae_lakefront_shop
D:7:      layout_loops_cross, nicolae_overflow_hidden_temple, enter_bailey_5,
          serial_bayou_lagoon_a
Temple:   compressed_dpeg_triangle_lava_temple
Bailey:   bailey_polearm_enchanted_keep_hellmonk, bailey

Skill      XL: |  1  2  3  4  5  6  7  8  9 |
---------------+----------------------------+-----
Shapeshifting  | 4 5 6 7 |  7.4
Dodging        | 2 3 4 |  4.3
Unarmed Combat | 4 5 6 8 10 | 10.2
Stealth        | 1 |  1.4
Fighting       | 1 2 |  2.6

Action                     |  1- 3 |  4- 6 |  7- 9 || total
---------------------------+-------+-------+-------++-------
  Melee: Unarmed           |    80 |    59 |   218 ||   357
         Punch             |     4 |       |    11 ||    15
  Evoke: Wand              |       |       |     1 ||     1
    Use: Scroll            |       |       |     8 ||     8
         Potion            |       |       |     1 ||     1
 Armour: Animal skin       |    58 |    37 |   172 ||   267
  Dodge: Dodged            |    31 |    28 |    84 ||   143

Table legend: (Time is in decaauts)
 A = Elapsed time spent in this place.
 B = Non-inter-level travel time spent in this place.
 C = Inter-level travel time spent in this place.
 D = Time resting spent in this place.
 E = Time spent auto-exploring this place.
 F = Levels seen in this place.
 G = Mean time per level.
                   A        B        C        D        E       F      G
               +--------+--------+--------+--------+--------+-----+--------+
         Total |   3863 |   3624 |    239 |     65 |   2620 |   9 |  429.2 |
       Dungeon |   3705 |   3483 |    222 |     65 |   2548 |   7 |  529.3 |
        Temple |     42 |     26 |     16 |      0 |      0 |   1 |   42.0 |
        Bailey |    114 |    114 |      0 |      0 |     72 |   1 |  114.0 |
               +--------+--------+--------+--------+--------+-----+--------+

Top non-repeatable levels by time:
     D:5: 702 daAuts
     D:4: 663 daAuts
     D:1: 630 daAuts
     D:6: 603 daAuts
     D:3: 510 daAuts
     D:2: 378 daAuts
     D:7: 216 daAuts
  Bailey: 114 daAuts
  Temple: 42 daAuts
